[Event "Sunday 28 January Rapid Engine Tour 12+1 Rounds 9 Starts 1600 ST"]
[Site "Infinity Chess"]
[Date "2018.1.28"]
[Round "7"]
[White "ocirema"]
[Black "KillBill2017"]
[Result "1-0"]
[ECO "C77"]
[WhiteElo "2432"]
[BlackElo "2341"]
[WhiteEngine "stockfish_18012314_x64_modern_CTG"]
[BlackEngine "Raubfisch ME262_GTZ16b4_CTG"]
[EventType "Swiss"]
[WhiteTeam ""]
[BlackTeam ""]
[PlyCount "100"]
[TimeControl "720+1"]

1. e4 e5 2. Nf3 Nc6 3. Bb5 a6 4. Ba4 Nf6 5. O-O Be7 6. Re1 b5 7. Bb3 O-O 
8. a4 b4 9. d4 d6 10. dxe5 dxe5 11. Nbd2 Bc5 12. h3 Na5 13. Qe2 Qe7 14. Nc4 Nxc4 
15. Bxc4 a5 16. Be3 Bxe3 17. Qxe3 Bb7 18. Bd3 Rfd8 19. b3 c5 20. Rad1 Rd7 
21. Rd2 Rc8 22. Rde2 Bc6 23. Nd2 Nh5 24. Nc4 Nf4 25. Rd2 Qd8 26. g3 Nxh3+ 
27. Kf1 Rd4 28. Nxe5 Bxe4 29. f4 g5 30. Qe2 Bxd3 31. Rxd3 Qd5 32. Qg2 Rxd3 
33. cxd3 Qe6 34. Nc4 Qh6 35. Ne5 Qe6 36. Nc4 Qh6 37. Qf3 Rd8 38. Kg2 f5 
39. Re5 gxf4 40. Rxf5 Ng5 41. Qxf4 Qc6+ 42. Kh2 Qh6+ 43. Kg2 Qc6+ 44. Kf1 Qh1+ 
45. Ke2 Qg2+ 46. Ke3 Re8+ 47. Ne5 Qg1+ 48. Kd2 Qg2+ 49. Ke3 Qg1+ 50. Ke2 Qh2+ 
1-0

[Event "Sunday 28 January Rapid Engine Tour 12+1 Rounds 9 Starts 1600 ST"]
[Site "Infinity Chess"]
[Date "2018.1.28"]
[Round "7"]
[White "star99"]
[Black "Tiger"]
[Result "1/2-1/2"]
[ECO "C24"]
[WhiteElo "2361"]
[BlackElo "2438"]
[WhiteEngine "Cryptic AIL V2"]
[BlackEngine "BrainFish_180124_x64_bmi2"]
[EventType "Swiss"]
[WhiteTeam ""]
[BlackTeam ""]
[PlyCount "76"]
[TimeControl "720+1"]

1. e4 e5 2. Bc4 Nf6 3. d3 c6 4. Bb3 d5 5. Nf3 a5 6. a4 Bb4+ 7. c3 Bd6 
8. exd5 cxd5 9. Bg5 Be6 10. Bh4 Nbd7 11. O-O h6 12. Na3 O-O 13. Nb5 Bb8 
14. Re1 Ra6 15. Nd2 Re8 16. d4 e4 17. c4 dxc4 18. Bxc4 Bxc4 19. Nxc4 Nb6 
20. Bxf6 Qxf6 21. Ne3 Qg6 22. Qc2 Bf4 23. Nc3 f5 24. g3 Rf8 25. Qb3+ Kh7 
26. Ng2 Bd6 27. Re2 Qf7 28. Qxf7 Rxf7 29. Ne3 Ra8 30. b3 Rd8 31. Rd1 Bb4 
32. Na2 Bf8 33. Nc3 h5 34. Rc2 Bb4 35. Na2 Bd6 36. Nc3 Bb4 37. Na2 Bd6 
38. Nc3 Bb4 1/2-1/2

[Event "Sunday 28 January Rapid Engine Tour 12+1 Rounds 9 Starts 1600 ST"]
[Site "Infinity Chess"]
[Date "2018.1.28"]
[Round "7"]
[White "RonWeasley"]
[Black "BraveDevil"]
[Result "1/2-1/2"]
[ECO "B96"]
[WhiteElo "2461"]
[BlackElo "2449"]
[WhiteEngine "BrainFish 060118_CTG"]
[BlackEngine "Cryptic AIL V2"]
[EventType "Swiss"]
[WhiteTeam ""]
[BlackTeam ""]
[PlyCount "58"]
[TimeControl "720+1"]

1. e4 c5 2. Nf3 d6 3. d4 cxd4 4. Nxd4 Nf6 5. Nc3 a6 6. Bg5 e6 7. f4 h6 
8. Bh4 Qb6 9. Qd2 Qxb2 10. Rb1 Qa3 11. e5 dxe5 12. fxe5 Nfd7 13. Ne4 Qxa2 
14. Rd1 Qb2 15. Bc4 Qb4 16. Bxe6 Qxd2+ 17. Rxd2 fxe6 18. Nxe6 Kf7 19. Nc7 Ra7 
20. Nd6+ Bxd6 21. e6+ Kg6 22. Rxd6 Nf6 23. Bxf6 Kxf6 24. O-O+ Ke7 25. Rd4 Rf8 
26. Nd5+ Ke8 27. Nc7+ Ke7 28. Nd5+ Ke8 29. Nc7+ Ke7 1/2-1/2

[Event "Sunday 28 January Rapid Engine Tour 12+1 Rounds 9 Starts 1600 ST"]
[Site "Infinity Chess"]
[Date "2018.1.28"]
[Round "7"]
[White "hafaba"]
[Black "KhalidOmar"]
[Result "1/2-1/2"]
[ECO "A05"]
[WhiteElo "2471"]
[BlackElo "2457"]
[WhiteEngine "SF SL FA 26012018 POPCNT_CTG"]
[BlackEngine "Eman 1.68c 64-bit BMI2"]
[EventType "Swiss"]
[WhiteTeam ""]
[BlackTeam ""]
[PlyCount "207"]
[TimeControl "720+1"]

1. Nf3 Nf6 2. d4 d5 3. c4 e6 4. Nc3 c6 5. e3 Nbd7 6. Qc2 Bd6 7. b3 O-O 8. Be2 b6 
9. Bb2 Bb7 10. O-O Qe7 11. Rfe1 h6 12. cxd5 cxd5 13. Nb5 Rfc8 14. Qd3 Bb4 
15. Rec1 Rxc1+ 16. Rxc1 Qd8 17. Ba3 Bxa3 18. Nxa3 Ne4 19. Qc2 Rc8 20. Qb2 Nb8 
21. Nd2 Rxc1+ 22. Qxc1 Nc6 23. Nb5 a6 24. Nc3 Nd6 25. Qb2 a5 26. g3 f6 
27. h4 Nb4 28. h5 Qc7 29. a3 Nc6 30. Nf3 Ne7 31. Nb5 Nxb5 32. Bxb5 Bc6 
33. Be2 Bd7 34. b4 axb4 35. Qxb4 Nc8 36. Ne1 Nd6 37. Bd3 e5 38. Ng2 Nf5 
39. Qb2 Qd6 40. Be2 Kf8 41. Bf3 Kf7 42. Bd1 Kg8 43. Kh2 Kf8 44. Be2 Kf7 
45. Kg1 Kg8 46. Bf3 Kf7 47. Be2 Kf8 48. Kh2 Kf7 49. Bf3 Kg8 50. Ne1 exd4 
51. exd4 Qc6 52. Nd3 Qb5 53. Nb4 Be6 54. Be2 Qe8 55. Bf3 Qb5 56. Be2 Qe8 
57. Qc3 Nd6 58. Qf3 Ne4 59. Nd3 Qa4 60. Nf4 Bf7 61. Qe3 Qc2 62. Kg2 Qc3 
63. Qxc3 Nxc3 64. Bd3 Kf8 65. Kf3 Ke7 66. g4 Be8 67. Ke3 Kd6 68. Bf5 Nd1+ 
69. Ke2 Nb2 70. Ne6 g5 71. hxg6 Bxg6 72. Ng7 Bf7 73. Bc2 Be6 74. Bf5 Bf7 
75. Bc2 Be6 76. Nxe6 Kxe6 77. a4 Nc4 78. Bf5+ Ke7 79. Kf3 Nd6 80. Bd3 Nc4 
81. Kg3 Na5 82. Kf4 Nc4 83. f3 Kf7 84. Bh7 Nb2 85. Bc2 Nc4 86. Kg3 Ne3 
87. Bb3 Ke6 88. f4 Kd6 89. Kf3 Nc4 90. Bc2 Kc6 91. Bg6 Nd6 92. Ke2 b5 
93. axb5+ Kxb5 94. Kd3 Kc6 95. Ke3 Nc4+ 96. Ke2 Nd6 97. Bd3 Nc4 98. Bxc4 dxc4 
99. Kd2 f5 100. g5 hxg5 101. fxg5 f4 102. g6 f3 103. g7 c3+ 104. Kxc3 1/2-1/2

[Event "Sunday 28 January Rapid Engine Tour 12+1 Rounds 9 Starts 1600 ST"]
[Site "Infinity Chess"]
[Date "2018.1.28"]
[Round "7"]
[White "Gilgamesch"]
[Black "fati64"]
[Result "1/2-1/2"]
[ECO "C50"]
[WhiteElo "2466"]
[BlackElo "2484"]
[WhiteEngine "BrainFish_171005_x64_bmi2"]
[BlackEngine "S_XPrO.220118.x64.POPNT"]
[EventType "Swiss"]
[WhiteTeam ""]
[BlackTeam ""]
[PlyCount "127"]
[TimeControl "720+1"]

1. e4 e5 2. Nf3 Nc6 3. Bc4 Bc5 4. O-O Nf6 5. d3 d6 6. c3 a5 7. Bb3 O-O 8. Bg5 h6 
9. Bh4 g5 10. Bg3 g4 11. Nh4 Nh5 12. Kh1 Qg5 13. a4 Bd7 14. Na3 Bxa3 
15. Rxa3 Rae8 16. Bc2 b6 17. d4 Qg7 18. dxe5 Nxe5 19. Ra1 Qg5 20. Qd4 Ng6 
21. Nf5 Bxf5 22. exf5 Ngf4 23. Bxf4 Qxf4 24. Qxf4 Nxf4 25. g3 Nd5 26. Rfe1 Kg7 
27. h3 h5 28. Kg2 Nf6 29. f3 d5 30. Kf2 Rd8 31. Rad1 c6 32. Rh1 Rh8 
33. hxg4 hxg4 34. fxg4 Nxg4+ 35. Kf3 Ne5+ 36. Kf4 f6 37. g4 Nf7 38. Rxh8 Rxh8 
39. Kg3 Re8 40. Kf3 Kf8 41. Rh1 Kg8 42. Kf2 Ne5 43. Kg3 Kg7 44. Re1 Kh6 
45. Rh1+ Kg7 46. Re1 Kf8 47. Rh1 Nf7 48. Kf2 Kg7 49. Bd3 Ne5 50. Be2 Nd7 
51. Bd3 Ne5 52. Be2 Nd7 53. Bd3 Rd8 54. Ke3 Ne5 55. Be2 Nf7 56. Bf3 Rb8 
57. b4 Re8+ 58. Kf4 Ne5 59. Be2 Re7 60. Rb1 Nd7 61. Bf3 Ne5 62. Be2 Nf7 
63. Bf3 Ne5 64. Be2 1/2-1/2

[Event "Sunday 28 January Rapid Engine Tour 12+1 Rounds 9 Starts 1600 ST"]
[Site "Infinity Chess"]
[Date "2018.1.28"]
[Round "7"]
[White "KRAKEN"]
[Black "Eman"]
[Result "1/2-1/2"]
[ECO "D30"]
[WhiteElo "2491"]
[BlackElo "2477"]
[WhiteEngine "Raubfisch X37b4a_CTG"]
[BlackEngine "Eman 1.68c 64-bit POPCNT"]
[EventType "Swiss"]
[WhiteTeam ""]
[BlackTeam ""]
[PlyCount "205"]
[TimeControl "720+1"]

1. d4 d5 2. c4 e6 3. Nf3 Nf6 4. Nc3 c6 5. Bg5 h6 6. Bxf6 Qxf6 7. e3 g6 
8. Be2 Nd7 9. O-O Qe7 10. e4 dxc4 11. Bxc4 Bg7 12. e5 O-O 13. Re1 b5 14. Bd3 Bb7 
15. Be4 Nb6 16. a3 Rfd8 17. Rc1 Rac8 18. Qe2 a6 19. Nd1 Nd5 20. b4 a5 
21. Bxd5 cxd5 22. Rc5 axb4 23. axb4 Bc6 24. Nb2 Be8 25. Nd3 Ra8 26. g3 Ra7 
27. Kg2 Rda8 28. Rec1 h5 29. Qd2 Qb7 30. Qf4 Bf8 31. R5c3 Qe7 32. h4 Kh7 
33. Ng5+ Kg8 34. g4 hxg4 35. Qxg4 Bh6 36. Nf4 Bd7 37. Rc7 Bxg5 38. hxg5 Qxb4 
39. Rh1 Qxd4 40. Rxa7 Rxa7 41. Rh8+ Kxh8 42. Nxg6+ fxg6 43. Qxd4 Ra8 44. Qf4 Kg8 
45. Qf6 Be8 46. Qxe6+ Bf7 47. Qc6 Re8 48. f4 b4 49. Qb7 b3 50. Qxb3 Be6 
51. Qb6 Bf5 52. Qb3 Kf7 53. Qxd5+ Re6 54. Qd7+ Kf8 55. Qd1 Ke7 56. Qd4 Kf8 
57. Qa1 Be4+ 58. Kg3 Bf5 59. Kf2 Be4 60. Qa3+ Kg8 61. Qb4 Bf5 62. Qb8+ Kf7 
63. Qb7+ Re7 64. Qa6 Re8 65. Qf6+ Kg8 66. Qb6 Be6 67. Qd6 Bf5 68. Qa3 Be6 
69. Qd6 Kf7 70. Qc5 Bf5 71. Qc7+ Re7 72. Qa5 Re6 73. Qd5 Kg8 74. Qd1 Re8 
75. Kg3 Be6 76. Kf3 Kf7 77. Qd6 Kg8 78. Qd1 Bf5 79. Kg3 Kg7 80. Qd4 Kg8 
81. Qd5+ Kg7 82. Qd4 Kf8 83. Qc4 Be6 84. Qb4+ Kf7 85. Qa3 Rd8 86. Qa6 Re8 
87. Qa5 Re7 88. Qb5 Re8 89. Qb7+ Re7 90. Qb4 Ke8 91. Qd2 Bf5 92. Qd5 Be6 
93. Qd1 Bf5 94. Qa4+ Kf7 95. Kg2 Re6 96. Qa5 Be4+ 97. Kf2 Bf5 98. Ke3 Kf8 
99. Qa4 Kf7 100. Qd7+ Re7 101. Qc6 Re6 102. Qc4 Kf8 103. Qc1 1/2-1/2

[Event "Sunday 28 January Rapid Engine Tour 12+1 Rounds 9 Starts 1600 ST"]
[Site "Infinity Chess"]
[Date "2018.1.28"]
[Round "7"]
[White "Neoxium"]
[Black "tris77"]
[Result "1/2-1/2"]
[ECO "A05"]
[WhiteElo "2497"]
[BlackElo "2370"]
[WhiteEngine "SF SL FA-IDeA"]
[BlackEngine "stockfish_18012416_x64_modern_CTG"]
[EventType "Swiss"]
[WhiteTeam ""]
[BlackTeam ""]
[PlyCount "92"]
[TimeControl "720+1"]

1. Nf3 Nf6 2. c4 e6 3. Nc3 d5 4. d4 c6 5. Bg5 dxc4 6. e4 b5 7. e5 h6 8. Bh4 g5 
9. Nxg5 hxg5 10. Bxg5 Nbd7 11. exf6 Bb7 12. h4 a6 13. g3 c5 14. d5 Nxf6 
15. Qe2 Bh6 16. Bxh6 Rxh6 17. Bg2 b4 18. Ne4 Bxd5 19. Rd1 Qe7 20. Qe3 Nxe4 
21. Qxh6 Nc3 22. Qh8+ Qf8 23. Qxf8+ Kxf8 24. Bxd5 Nxd5 25. h5 c3 26. bxc3 Nxc3 
27. Rd7 Nxa2 28. Ke2 Kg8 29. Kd3 a5 30. h6 Nc3 31. g4 a4 32. h7+ Kg7 33. Kc4 Ne4 
34. f3 Ng5 35. Kxc5 b3 36. h8=Q+ Rxh8 37. Rxh8 Kxh8 38. Kb4 b2 39. Rd1 Nxf3 
40. Ka3 Kg7 41. Kxb2 Nh2 42. Rd4 a3+ 43. Kb3 a2 44. Kxa2 Kg6 45. Ra4 Kg5 
46. Ra3 Nxg4 1/2-1/2

[Event "Sunday 28 January Rapid Engine Tour 12+1 Rounds 9 Starts 1600 ST"]
[Site "Infinity Chess"]
[Date "2018.1.28"]
[Round "7"]
[White "Susanne"]
[Black "Murx"]
[Result "1-0"]
[ECO "C55"]
[WhiteElo "2471"]
[BlackElo "2534"]
[WhiteEngine "asmfish-bmi2-012118-W_CTG"]
[BlackEngine "BrainFish_180113_x64_modern"]
[EventType "Swiss"]
[WhiteTeam ""]
[BlackTeam ""]
[PlyCount "169"]
[TimeControl "720+1"]

1. e4 e5 2. Nf3 Nc6 3. Bc4 Nf6 4. d3 Bc5 5. O-O d6 6. c3 a5 7. Bg5 Ba7 8. Bh4 h6 
9. Na3 g5 10. Bg3 O-O 11. Re1 g4 12. Bh4 gxf3 13. Qxf3 Kg7 14. Rad1 a4 
15. h3 Be6 16. Bb5 Rg8 17. d4 exd4 18. Bxc6 bxc6 19. cxd4 Qd7 20. Bxf6+ Kh7 
21. Kh2 Bxa2 22. Nc2 Bb3 23. Rd2 Bb6 24. d5 Ba5 25. Bc3 Bxc3 26. Qxc3 Qe7 
27. dxc6 Bxc2 28. Rxc2 Qg5 29. Qf3 Qe5+ 30. g3 Kg7 31. Qg4+ Qg5 32. Qd7 Ra7 
33. Rd1 Qg6 34. Rd5 Qe6 35. Qxe6 fxe6 36. Rb5 Raa8 37. e5 dxe5 38. Rxe5 Kf7 
39. Rb5 Kf6 40. Kg2 e5 41. Rc3 Rge8 42. Ra3 h5 43. Rb7 Rec8 44. Rb4 Ra6 
45. Rbxa4 Rxc6 46. Rc3 Rb6 47. b3 Ke6 48. Rc5 Kd6 49. Raa5 Rxb3 50. Rxe5 h4 
51. g4 Rb2 52. Rf5 Ke6 53. Rac5 Rd2 54. g5 Kd6 55. Ra5 c5 56. Ra6+ Ke7 
57. Rff6 Rdd8 58. f4 Rd3 59. Rh6 Kf7 60. Raf6+ Kg7 61. Rfg6+ Kf7 62. f5 Rcd8 
63. Rh7+ Kf8 64. Rh8+ Kf7 65. Rh7+ Kf8 66. Rf6+ Ke8 67. Rxh4 Rd2+ 68. Kf3 R8d3+ 
69. Kg4 Rg2+ 70. Kh5 c4 71. Kg6 c3 72. Ra6 Kd8 73. Ra7 Kc8 74. Rh8+ Rd8 
75. Ra8+ Kb7 76. Rhxd8 c2 77. Rac8 c1=Q 78. Rxc1 Ra2 79. f6 Ra6 80. Rd7+ Kb8 
81. Kg7 Ra4 82. f7 Rf4 83. f8=Q+ Rxf8 84. Kxf8 Ka8 85. Rc8# 1-0

[Event "Sunday 28 January Rapid Engine Tour 12+1 Rounds 9 Starts 1600 ST"]
[Site "Infinity Chess"]
[Date "2018.1.28"]
[Round "6"]
[White "angriff"]
[Black "MarioDeMonti"]
[Result "1/2-1/2"]
[ECO "D10"]
[WhiteElo "2404"]
[BlackElo "2459"]
[WhiteEngine "Stockfish SL FA POPCNT_CTG"]
[BlackEngine "stockfish_x64_bmi2_2018_01_13_CTG"]
[EventType "Swiss"]
[WhiteTeam ""]
[BlackTeam ""]
[PlyCount "110"]
[TimeControl "720+1"]

1. d4 d5 2. c4 c6 3. Nc3 Nf6 4. cxd5 cxd5 5. Bf4 Nc6 6. e3 a6 7. Nf3 e6 
8. Rc1 Be7 9. h3 O-O 10. Bd3 b5 11. O-O Bb7 12. a4 Nb4 13. Bb1 bxa4 14. Nxa4 Ne4 
15. Ne5 a5 16. f3 Nd6 17. Nc5 Ba6 18. Nxa6 Rxa6 19. Bg3 Ra7 20. Be1 Qb6 
21. Bxb4 axb4 22. Qd2 g6 23. Bd3 Rc8 24. Rxc8+ Nxc8 25. Rc1 Nd6 26. Nc6 Rb7 
27. Nxe7+ Rxe7 28. g4 Rc7 29. Rxc7 Qxc7 30. Kg2 Nc4 31. Qc1 Qa5 32. Bxc4 Qc7 
33. b3 dxc4 34. bxc4 b3 35. Qc3 Qb8 36. Qb2 Qb4 37. d5 Qxc4 38. d6 Qd3 
39. d7 Qxd7 40. Qxb3 Qd2+ 41. Kg3 Qe1+ 42. Kg2 h6 43. Qb8+ Kg7 44. Qb2+ Kh7 
45. Qf6 Qe2+ 46. Kg3 Qxe3 47. Qxf7+ Kh8 48. Qxg6 Qe1+ 49. Kg2 Qd2+ 50. Kf1 Qd1+ 
51. Kg2 Qe2+ 52. Kg3 Qe1+ 53. Kg2 Qd2+ 54. Kf1 Qd1+ 55. Kg2 Qd2+ 1/2-1/2

[Event "Sunday 28 January Rapid Engine Tour 12+1 Rounds 9 Starts 1600 ST"]
[Site "Infinity Chess"]
[Date "2018.1.28"]
[Round "6"]
[White "SkyPilot"]
[Black "Satria_Ungu"]
[Result "1-0"]
[ECO "C50"]
[WhiteElo "2489"]
[BlackElo "2364"]
[WhiteEngine "stockfish_x64_bmi2_2018_01_13_CTG"]
[BlackEngine "Houdini 6_CTG"]
[EventType "Swiss"]
[WhiteTeam ""]
[BlackTeam ""]
[PlyCount "315"]
[TimeControl "720+1"]

1. e4 e5 2. Nf3 Nc6 3. Bc4 Bc5 4. O-O Nf6 5. d3 d6 6. c3 h6 7. b4 Bb6 8. a4 a5 
9. b5 Ne7 10. Be3 Bxe3 11. fxe3 Ng6 12. Bb3 O-O 13. c4 c6 14. Nc3 Nh7 
15. Rb1 Be6 16. Qe1 Rc8 17. Rc1 Qb6 18. Nd2 Qc5 19. Rb1 Nf6 20. h3 Qb6 
21. Rc1 Qd8 22. Ne2 Nh5 23. Kh2 Ra8 24. Bd1 Nf6 25. Nc3 Rc8 26. Bf3 Re8 
27. Nb3 Bd7 28. Bd1 Nf8 29. Be2 Be6 30. Bf3 Qb6 31. Qf2 N8d7 32. Nd2 Qd8 
33. Nb3 Ra8 34. Bd1 Qe7 35. Qg3 Red8 36. Rb1 Kh7 37. Nd2 Nf8 38. Be2 Ng6 
39. d4 Rac8 40. Rf2 Kh8 41. Rbf1 Bd7 42. Kh1 Ra8 43. Kg1 Rab8 44. Qh2 Rbc8 
45. Kh1 Be8 46. Qg3 Rb8 47. Kh2 Kg8 48. Kg1 Ra8 49. Kh2 Rab8 50. Bd3 Nd7 
51. Qf3 f6 52. Nb3 Nb6 53. Rc2 Ra8 54. Rb1 Nf8 55. Qg3 Kh8 56. Rcb2 cxb5 
57. axb5 Bf7 58. Nd2 Rdc8 59. Nd5 Nxd5 60. exd5 Re8 61. Rb3 b6 62. Rf1 Bg8 
63. Bf5 Bh7 64. Bg4 Rad8 65. Ra3 Qc7 66. Bh5 g6 67. Bd1 Nd7 68. Qh4 Kg7 
69. Qg3 Kh8 70. Qh4 Kg7 71. dxe5 Rxe5 72. Nf3 Ree8 73. Rc3 Nc5 74. Nd4 f5 
75. Bc2 Rf8 76. Ra3 Rde8 77. Rf3 Qe7 78. Qf2 Kh8 79. Kg1 Rc8 80. Rc3 Qf6 
81. Bb1 Rfe8 82. Rc1 Ra8 83. Rd1 h5 84. Rc1 a4 85. Qa2 Qe5 86. Qa3 Qe7 
87. Rc2 Nd7 88. Rc3 Qf6 89. Qb4 Nc5 90. Ra3 Re7 91. Qd2 Kg8 92. Bc2 h4 
93. Rf1 Kh8 94. Nc6 Rf7 95. Nd4 Re7 96. Qd1 Rae8 97. Qc1 Ra8 98. Rf3 Rf7 
99. Qa1 Qe5 100. Qa2 Qg7 101. Rf1 Qf6 102. Qa1 Re7 103. Qc1 Rf7 104. Qd1 Rc7 
105. Kh2 Re7 106. Kg1 Rae8 107. Qc1 Ra8 108. Qd2 Rc7 109. Rfa1 Re8 110. Rf1 Ra8 
111. e4 Nxe4 112. Bxe4 Rxc4 113. Rd3 a3 114. Bf3 Raa4 115. Bd1 Rxd4 
116. Bxa4 Rxa4 117. Qd1 Ra5 118. Qc1 a2 119. Ra3 Qd4+ 120. Kh1 Rxa3 
121. Qxa3 Qxd5 122. Qb2+ Qe5 123. Qxa2 Bg8 124. Qa4 g5 125. Rd1 d5 126. Qa7 Qe6 
127. Qa1+ Kh7 128. Re1 Qg6 129. Rc1 Qg7 130. Qxg7+ Kxg7 131. Rc6 d4 
132. Rxb6 Bc4 133. Rb7+ Kf6 134. b6 Ke6 135. Rc7 Bd5 136. b7 Bxb7 137. Rxb7 Kd6 
138. Rb5 f4 139. g3 hxg3 140. Rxg5 d3 141. Rb5 d2 142. Rb1 f3 143. Rd1 g2+ 
144. Kg1 f2+ 145. Kxf2 Ke6 146. Rxd2 Kf5 147. Kg1 Ke4 148. h4 Kf5 149. Rxg2 Ke4 
150. h5 Kd3 151. h6 Ke4 152. h7 Kd3 153. Rg4 Kc2 154. h8=Q Kb3 155. Qh3+ Kb2 
156. Rg2+ Ka1 157. Qa3+ Kb1 158. Qb2# 1-0

[Event "Sunday 28 January Rapid Engine Tour 12+1 Rounds 9 Starts 1600 ST"]
[Site "Infinity Chess"]
[Date "2018.1.28"]
[Round "6"]
[White "Cepri"]
[Black "star99"]
[Result "1/2-1/2"]
[ECO "B90"]
[WhiteElo "2420"]
[BlackElo "2359"]
[WhiteEngine "asmFishW_07N17_CTG"]
[BlackEngine "Cryptic AIL V2"]
[EventType "Swiss"]
[WhiteTeam ""]
[BlackTeam ""]
[PlyCount "129"]
[TimeControl "720+1"]

1. e4 c5 2. Nf3 d6 3. d4 cxd4 4. Nxd4 Nf6 5. Nc3 a6 6. Be3 e5 7. Nb3 Be7 
8. Be2 Be6 9. Qd3 Nc6 10. a3 Rc8 11. O-O O-O 12. Nd5 Nd7 13. h3 Bg5 14. Bg4 Bxg4 
15. hxg4 Bxe3 16. Nxe3 Qg5 17. Rad1 Nf6 18. Nf5 g6 19. Nxd6 Rc7 20. Qg3 Rd8 
21. Nc4 Qxg4 22. Qxg4 Nxg4 23. c3 Nd4 24. Nxd4 exd4 25. Nb6 Nf6 26. f3 Rd6 
27. Na4 Nd7 28. cxd4 Rc4 29. Nc5 Nxc5 30. dxc5 Rxd1 31. Rxd1 Rxc5 32. Rd7 Rb5 
33. b4 a5 34. bxa5 Rxa5 35. Rxb7 Rxa3 36. Rb5 h5 37. Kh1 Re3 38. Rb8+ Kg7 
39. Rb5 Kg8 40. Kh2 Kh7 41. Kg3 Kg7 42. Kh2 Kf8 43. Kg1 Ke7 44. Kf2 Rc3 
45. Kg3 Rc6 46. Kf4 Ke6 47. g4 hxg4 48. Kxg4 Rc1 49. Kf4 f6 50. Rb6+ Kf7 
51. Rb5 Ke6 52. Rb6+ Kf7 53. Rb7+ Ke6 54. Rb4 Kf7 55. Ke3 Re1+ 56. Kf4 Ke6 
57. Rb7 Rg1 58. Rb6+ Kf7 59. Rb7+ Ke6 60. Rb6+ Ke7 61. e5 fxe5+ 62. Kxe5 Kf7 
63. Rb7+ Ke8 64. Ke6 Re1+ 65. Kf6 1/2-1/2

[Event "Sunday 28 January Rapid Engine Tour 12+1 Rounds 9 Starts 1600 ST"]
[Site "Infinity Chess"]
[Date "2018.1.28"]
[Round "6"]
[White "Tiger"]
[Black "ocirema"]
[Result "1/2-1/2"]
[ECO "B90"]
[WhiteElo "2438"]
[BlackElo "2432"]
[WhiteEngine "BrainFish_180124_x64_bmi2"]
[BlackEngine "stockfish_18012314_x64_modern_CTG"]
[EventType "Swiss"]
[WhiteTeam ""]
[BlackTeam ""]
[PlyCount "221"]
[TimeControl "720+1"]

1. e4 c5 2. Nf3 d6 3. d4 cxd4 4. Nxd4 Nf6 5. Nc3 a6 6. Be3 e5 7. Nf3 Be7 
8. Bc4 O-O 9. O-O Nc6 10. Bg5 Be6 11. Qe2 Nh5 12. Be3 Nf6 13. Bg5 Nh5 
14. Be3 Nf6 15. Rad1 b5 16. Bb3 Rc8 17. a4 bxa4 18. Nxa4 Bxb3 19. cxb3 Re8 
20. Qxa6 Qa5 21. Qxa5 Nxa5 22. Nd2 Rb8 23. Bb6 Nxb3 24. Nxb3 Nd7 25. Bc7 Rxb3 
26. Bxd6 Bf8 27. f3 Ra8 28. Bxf8 Nxf8 29. Ra1 Rab8 30. Rf2 Ne6 31. Ra2 f6 
32. Nc3 h5 33. h4 Nf4 34. Rd2 R8b7 35. Kh2 Kf7 36. Nd1 Ne6 37. Ra4 Kg6 
38. Rd5 Nf4 39. Rd2 Rd3 40. Rxd3 Nxd3 41. Ra2 Kf7 42. Ra1 Rb4 43. Ra7+ Kg8 
44. Kg3 Kf8 45. Ra2 Rb7 46. Kh2 Kf7 47. Kg3 Kg6 48. Ra1 Rd7 49. Ne3 Nxb2 
50. Rb1 Nd3 51. Rb5 Ra7 52. Rb6 Nc1 53. Kf2 Ra2+ 54. Kg3 Ne2+ 55. Kf2 Nf4+ 
56. Kg1 Kh7 57. Kh2 Kg6 58. Rb7 Rd2 59. Kg1 Ne2+ 60. Kf2 Nf4+ 61. Kf1 Kh7 
62. g3 Ne6 63. Nf5 Nd4 64. Nxd4 Rxd4 65. Rb3 Ra4 66. Ke2 Ra2+ 67. Kf1 Ra4 
68. Kf2 Ra2+ 69. Kg1 Ra4 70. Kg2 Ra2+ 71. Kf1 Ra1+ 72. Ke2 Kh6 73. Ke3 Rg1 
74. Kf2 Rc1 75. Rb2 Kg6 76. Ke2 Kh6 77. Rb3 Rc2+ 78. Kf1 Ra2 79. Rb7 Rc2 
80. Ra7 Rc3 81. Ke2 Kh7 82. Ra2 Kg6 83. Ra5 Kf7 84. Ra7+ Kg6 85. Ra8 Rc2+ 
86. Kf1 Rc3 87. Ke2 Rb3 88. Ra6 Rb2+ 89. Kf1 Kh7 90. Ra7 Rd2 91. Ra5 Kh6 
92. Ra3 Kg6 93. Rb3 Rd1+ 94. Ke2 Rg1 95. Kf2 Rh1 96. Rb6 Rh2+ 97. Kf1 Kh7 
98. Rb7 Rc2 99. Rb6 Rc1+ 100. Ke2 Rc2+ 101. Kf1 Rc4 102. Rb5 Kg6 103. Ke2 Kh6 
104. Kd3 Rc1 105. Ke2 Rc2+ 106. Kf1 Rc4 107. Kg2 Ra4 108. Rb7 Ra2+ 109. Kf1 Ra3 
110. Ke2 Ra2+ 111. Kf1 1/2-1/2

[Event "Sunday 28 January Rapid Engine Tour 12+1 Rounds 9 Starts 1600 ST"]
[Site "Infinity Chess"]
[Date "2018.1.28"]
[Round "6"]
[White "Susanne"]
[Black "Thinker"]
[Result "1-0"]
[ECO "C53"]
[WhiteElo "2456"]
[BlackElo "2431"]
[WhiteEngine "asmfish-bmi2-012118-W_CTG"]
[BlackEngine "BrainFish_180124_x64_modern_CTG"]
[EventType "Swiss"]
[WhiteTeam ""]
[BlackTeam ""]
[PlyCount "185"]
[TimeControl "720+1"]

1. e4 e5 2. Nf3 Nc6 3. Bc4 Bc5 4. c3 Nf6 5. d3 O-O 6. O-O d6 7. Nbd2 a5 
8. Re1 Be6 9. Bb5 Ne7 10. d4 Ba7 11. h3 Ng6 12. Ba4 Nh5 13. Nf1 c6 14. Bc2 Nhf4 
15. Ng3 f6 16. Be3 d5 17. exd5 Bxd5 18. Nf5 exd4 19. Bxf4 Nxf4 20. N3xd4 Re8 
21. Rxe8+ Qxe8 22. Qd2 Ng6 23. Nb5 Bb8 24. c4 Bf4 25. Qd1 Be6 26. Nbd6 Qd7 
27. c5 a4 28. Qh5 Be5 29. Rd1 Bxa2 30. Nc4 Qe8 31. Qg4 Kh8 32. Nfd6 Bxd6 
33. cxd6 Nf8 34. Nb6 Rd8 35. Qb4 Be6 36. d7 Nxd7 37. Qd6 g6 38. Bxa4 Kg7 
39. Qc7 Qe7 40. Bc2 f5 41. Rd6 Kf7 42. Rd3 h5 43. Bd1 Kg7 44. Be2 f4 45. Bf3 Bf5 
46. Rd1 Kh7 47. Nc4 Rg8 48. Qxb7 Rg7 49. Qxc6 Bc2 50. Rc1 Bd3 51. b3 Qb4 
52. Qa4 Qxa4 53. bxa4 Re7 54. a5 Ne5 55. Nxe5 Rxe5 56. Rd1 Ba6 57. Rd5 Re1+ 
58. Kh2 Re7 59. Bd1 Kg7 60. h4 Rc7 61. Rd6 Bf1 62. Bf3 Ra7 63. Rd5 Re7 
64. Rd1 Ba6 65. g3 fxg3+ 66. Kxg3 Bc4 67. Rd4 Bf1 68. Rd6 Ra7 69. Rd5 Re7 
70. Kf4 Ba6 71. Rd6 Ra7 72. Be4 g5+ 73. hxg5 Bf1 74. Bd5 Bd3 75. Ke3 Ba6 
76. Rd8 Kg6 77. f4 Kf5 78. Rf8+ Kg4 79. Rf7 Bb7 80. Bxb7 Rxa5 81. g6 Ra3+ 
82. Kd4 Rg3 83. g7 Kh4 84. Re7 Rg6 85. Ke3 Kg3 86. Be4 Rg4 87. Bf3 Rg6 
88. Bxh5 Rc6 89. g8=Q+ Kh2 90. Rh7 Rc3+ 91. Kf2 Rg3 92. Qxg3+ Kh1 93. Bd1# 1-0

[Event "Sunday 28 January Rapid Engine Tour 12+1 Rounds 9 Starts 1600 ST"]
[Site "Infinity Chess"]
[Date "2018.1.28"]
[Round "6"]
[White "KhalidOmar"]
[Black "RonWeasley"]
[Result "1/2-1/2"]
[ECO "C00"]
[WhiteElo "2457"]
[BlackElo "2461"]
[WhiteEngine "Eman 1.68c 64-bit BMI2"]
[BlackEngine "BrainFish 060118_CTG"]
[EventType "Swiss"]
[WhiteTeam ""]
[BlackTeam ""]
[PlyCount "137"]
[TimeControl "720+1"]

1. e4 e6 2. Nf3 d5 3. exd5 exd5 4. d4 Bd6 5. Bd3 Nc6 6. O-O Nge7 7. Re1 O-O 
8. c3 Bf5 9. b3 Qd7 10. Na3 a6 11. Nc2 Bxd3 12. Qxd3 Rae8 13. Bd2 Nd8 
14. Ne5 Qc8 15. c4 Ne6 16. Rad1 c6 17. Nf3 Qd7 18. a4 Qc8 19. h3 Nf4 
20. Bxf4 Bxf4 21. g3 Bc7 22. Kg2 g6 23. Ne3 Qd7 24. Qd2 h5 25. Ne5 Qd6 
26. Qc2 Qe6 27. Qc3 Qd6 28. h4 Rd8 29. c5 Qe6 30. b4 Kg7 31. Re2 Ng8 
32. Rde1 Qc8 33. Nd1 Rde8 34. b5 axb5 35. axb5 Nh6 36. Nf3 Rxe2 37. Rxe2 Bd8 
38. bxc6 bxc6 39. Nb2 Bc7 40. Nd3 Re8 41. Qe1 Rxe2 42. Qxe2 Nf5 43. Nde5 Qe6 
44. Qb2 Bxe5 45. dxe5 Qe7 46. Qb6 Qd7 47. Qb3 Kg8 48. Qb8+ Kg7 49. Ng5 Qe7 
50. Kg1 d4 51. Qb3 d3 52. Qxd3 Qxe5 53. Qd7 Qd5 54. Qxd5 cxd5 55. Nf3 Kf8 
56. c6 Ke7 57. c7 Kd7 58. Ne5+ Kxc7 59. Nxf7 d4 60. Ne5 Ne7 61. Nd3 Kb6 
62. Kf1 Kb5 63. Nf4 Kc4 64. Ke2 Kc3 65. Kf3 d3 66. Nxd3 Kxd3 67. Kf4 Ke2 
68. g4 hxg4 69. Kxg4 1/2-1/2